cohdb
Replays
Latest Replays
All Replays
Popular Replays
Top Player Replays
Match Explorer
How It Works
Community
CoH3 Stats
Reddit
Sign in to upload your games and track your stats! →
Sign in with Steam
Match 47207504
Unlisted
Match 47207504
Overview
Messages
Build Orders
End
Scout Squad
Construct Barracks
Selects Advanced Infantry Battlegroup
Riflemen Squad
1⁄4-ton 4x4 Truck
Scout Squad
Riflemen Squad
Grenade Package
Air Support Center
P-47 Strafing Run
Engineer Squad
Construct Weapon Support Center
Selects Artillery Observers
Grasshopper Recon Run
Bazooka Squad
Air Supply
Bazooka Squad
Grasshopper Recon Run
M1919 Machine Gun Team
Selects M2A1 105mm Howitzer Emplacement
Grasshopper Recon Run
P-47 Strafing Run
Construct Tank Depot
P-47 Dive Bomb
M4A1 Sherman Medium Tank
Grasshopper Recon Run
P-47 Strafing Run
Double Sortie
M1919 Machine Gun Team
P-47 Dive Bomb
Construct Motor Pool
M4A1 Sherman Medium Tank
Grasshopper Recon Run
P-47 Dive Bomb
P-47 Strafing Run
Septimum
Seocheon
Ares
RedLeaderToBase
0
0
Comments
sign in to comment!
No comments posted yet!